 Dungeon Sprint DCSS version 0.22-a0-402-ga933591907 (webtiles) character file.

97622 Hephaistos the Heavyweight Champion (level 15, -10/237 HPs)
             Began as a Troll Berserker on May 6, 2018.
             Was the Champion of Trog.
             Mangled by a merfolk impaler
             ... wielding a +6 trident of protection
              (15 damage)
             ... in the Dungeon (Sprint IX: "|||||||||||||||||||||||||||||").
             The game lasted 00:10:09 (3444 turns).

Hephaistos the Heavyweight Champion (TrBe)          Turns: 3444, Time: 00:10:09

Health: -10/237    AC: 16    Str: 37    XL:     15   Next: 35%
Magic:  11/14      EV: 15    Int:  4    God:    Trog [******]
Gold:   1152       SH:  0    Dex: 13    Spells: 14/14 levels left

rFire    . . .     SeeInvis +     - Unarmed
rCold    + + +     Gourm    +   (no shield)
rNeg     . . .     Faith    .   E - +1 ice dragon scales
rPois    +         Spirit   .   K - +1 hat
rElec    .         Reflect  .   (no cloak)
rCorr    .         Harm     +   (gloves unavailable)
MR       +++..     NoTele   +   (boots unavailable)
Stlth    ..........             x - amulet of harm
HPRegen  1.89/turn              i - ring "Otimiut" {*Drain rF+ Str+3 SInv}
MPRegen  0.14/turn              y - ring of poison resistance

@: berserking, lethally poisoned (-10 -> -10), regenerating, very quick
A: large, unfitting armour, antennae 1, claws 3, rugged brown scales 1, cold
resistance 1, deformed body, fast metabolism 3, gourmand, regeneration 1, shaggy
fur 1, tough skin 2
}: 1/15 runes: gossamer
a: Berserk, Trog's Hand, Brothers in Arms, Renounce Religion


You were in the Dungeon.
You worshipped Trog.
Trog was exalted by your worship.
You were full.

You visited 1 branch You collected 1909 gold pieces.
You spent 757 gold pieces at shops.

Inventory:

Missiles
 o - 3 javelins of returning (quivered)
 w - 8 steel javelins
Armour
 a - a +0 animal skin
 E - +1 ice dragon scales (worn)
 K - a +1 hat (worn)
Jewellery
 i - the ring "Otimiut" (left claw) {*Drain rF+ Str+3 SInv}
   (You bought it in a shop in the Dungeon)

   [ring of strength]

   It affects your strength (+3).
   It protects you from fire.
   It lets you see invisible.
   It causes draining when unequipped.
 m - a +3 ring of dexterity
 n - a +2 ring of protection
 x - an amulet of harm (around neck)
 y - a ring of poison resistance (right claw)
 A - a +6 ring of strength
 B - an uncursed ring of fire
 C - an uncursed ring of ice
 D - an uncursed ring of magical power
 G - a +6 ring of intelligence
 H - a +4 ring of evasion
 I - a +6 ring of dexterity
 J - a +4 ring of evasion
Wands
 l - a wand of acid (10)
Scrolls
 h - 4 scrolls of blinking
 k - 6 scrolls of remove curse
 s - 6 scrolls of enchant armour
 t - 4 scrolls of enchant weapon
 u - 4 scrolls of fog
 v - 5 scrolls of identify
 L - a scroll of fear
Potions
 c - 7 potions of curing
 d - 9 potions of heal wounds
 e - 3 potions of haste
 f - 4 potions of magic
 g - 3 potions of berserk rage
 j - a potion of invisibility
 p - 2 potions of might
 q - a potion of resistance
 r - 2 potions of agility
 z - 3 potions of brilliance
Comestibles
 b - 12 rations


   Skills:
 + Level 11.4 Fighting
 * Level 19.9 Throwing
 * Level 14.9 Armour
 + Level 12.1 Dodging
 O Level 27 Unarmed Combat


You had 14 spell levels left.
You didn't know any spells.

Dungeon Overview and Level Annotations

Branches:
Dungeon (1/1)

Altars:
Cheibriados
Dithmenos
Elyvilon
Fedhas
Gozag
Hepliaklqana
Kikubaaqudgha
Makhleb
Nemelex Xobeh
Okawaru
Qazlal
Ru
Sif Muna
Trog
Uskayaw
Vehumet
Wu Jian
Xom
Yredelemnul
Zin
The Shining One
Beogh
Jiyva
Lugonu

Shops:
D ==(*


Innate Abilities, Weirdness & Mutations

You are too large for most types of armour.
You have claws for hands.
Your metabolism is lightning-fast.
You like to eat raw meat.
Your natural rate of healing is unusually fast.
You are covered in fur. (AC +1)
You have very tough skin. (AC +2)
You have a pair of small antennae on your head.
You are partially covered in rugged brown scales. (AC +1, +3% HP)
Your flesh is cold resistant. (rC+)
Armour fits poorly on your strangely shaped body.


Message History

You closely miss the merfolk impaler. Your claw misses the merfolk impaler.
You closely miss the merfolk impaler. You miss the merfolk impaler.
The merfolk impaler hits you from afar with a trident!
* * * LOW HITPOINT WARNING * * *
The merfolk impaler completely misses you.
You scratch the merfolk impaler.
The merfolk impaler is lightly wounded.
You eviscerate the merfolk impaler!!!
The merfolk impaler is almost dead.
The merfolk impaler closely misses you.
The merfolk impaler hits you with a trident of venom!
* * * LOW HITPOINT WARNING * * *
You eviscerate the merfolk impaler!!!
You kill the merfolk impaler!
Trog accepts your kill.
The merfolk impaler hits you with a trident!
* * * LOW HITPOINT WARNING * * *
The merfolk impaler hits you from afar with a trident of protection!
You die...

{{ {{ { {{ {
▓▓▓▓▓▓▓▓▓▓▓▓▓▓▓▓▓▓▓▓▓▓♣
..(...(.()))))))@mmmm.+{{{{{{{{{{
▓▓▓▓▓▓▓▓▓▓▓▓▓▓▓▓▓▓▓▓▓▓♣♣♣♣♣♣♣♣♣♣♣
..........................)))....
▓▓▓▓▓▓▓▓▓▓▓▓▓▓▓▓▓▓▓▓▓▓▓▓▓▓▓▓▓▓▓▓▓
.........))))))...[[[[[..........
▓▓▓▓▓▓▓▓▓▓▓▓▓▓▓▓▓▓▓▓▓▓▓▓▓▓▓▓▓▓▓▓▓
................................)
▓▓▓▓▓▓▓▓▓▓▓▓▓▓▓▓▓▓▓▓▓▓▓▓▓▓▓▓▓▓▓▓▓
..())[.().........)...[')()()))))


You could see 3 merfolk impalers and a merfolk.

Vanquished Creatures
  Frederick (D)
  Sojobo (D)
  A tentacled monstrosity (D)
  Ilsuiw (D)
  2 tengu reavers (D)
  A fire giant (D)
  Aizul (D)
  A frost giant (D)
  A ghost moth (D)
  4 emperor scorpions (D)
  An ironheart preserver (D)
  2 vault wardens (D)
  3 stone giants (D)
  2 very ugly things (D)
  A spark wasp (D)
  4 merfolk javelineers (D)
  2 ettins (D)
  A fire dragon (D)
  A merfolk impaler (D)
  A great orb of eyes (D)
  A hydra (D)
  An ice dragon (D)
  A naga warrior (D)
  A death knight (D)
  A centaur warrior (D)
  3 rakshasas (D)
  A merfolk avatar (D)
  3 merfolk aquamancers (D)
  6 ogre magi (D)
  A satyr (D)
  An alligator (D)
  2 two-headed ogres (D)
  A vampire mage (D)
  A deep troll earth mage (D)
  2 shock serpents (D)
  A spriggan berserker (D)
  A glowing orange brain (shapeshifter) (D)
  A spriggan druid (D)
  A salamander mystic (D)
  A flayed ghost (D)
  4 deep trolls (D)
  2 sea snakes (D)
  A lindwurm (D)
  A shambling mangrove (D)
  An unseen horror (D)
  A swamp dragon (D)
  A harpy (D)
  A wizard (D)
  An orc knight (D)
  2 wolf spiders (D)
  2 manticores (D)
  5 ironbrand convokers (D)
  An ugly thing (D)
  2 cyclopes (D)
  3 black mambas (D)
  A salamander (D)
  A vault sentinel (D)
  2 moths of wrath (D)
  2 naga magi (D)
  3 spiny frogs (D)
  5 demonic crawlers (D)
  A komodo dragon (D)
  A yaktaur (D)
  A freezing wraith (D)
  4 jumping spiders (D)
  2 merfolk (D)
  A hornet (D)
  3 trolls (D)
  A blink frog (D)
  A slime creature (D)
  A dream sheep (D)
  A bog body (D)
  A hippogriff (D)
  3 redbacks (D)
  A wraith (D)
  A yak (D)
  A shadow (D)
  A vampire (D)
  A tarantella (D)
  A basilisk (D)
  Eustachio (D)
  4 water moccasins (D)
  A porcupine (D)
  11 orc warriors (D)
  A sky beast (D)
  A boggart (D)
  A centaur (D)
  A phantom (D)
  A crocodile (D)
  6 bullfrogs (D)
  A crimson imp (D)
  5 orc priests (D)
  A jelly (D)
  4 orc wizards (D)
  A worker ant (D)
  An adder (D)
  An adder skeleton (D)
  7 worms (D)
  A dart slug (D)
  6 orcs (D)
  A giant cockroach (D)
  A jackal (D)
  A kobold (D)
  2 bats (D)
  A jackal zombie (D)
  A leopard gecko skeleton (D)
195 creatures vanquished.

Vanquished Creatures (collateral kills)
  A frost giant (D)
  2 ogre magi (D)
  A wizard (D)
  A troll (D)
  A slime creature (D)
6 creatures vanquished.

Vanquished Creatures (others)
  A hydra (D)
  A swamp drake (D)
  A centaur (D)
3 creatures vanquished.

Grand Total: 204 creatures vanquished

Notes
Turn   | Place    | Note
-------+----------+-------------------------------------------
     0 | D        | Hephaistos the Troll Berserker began the quest for the Orb.
     0 | D        | Reached XP level 1. HP: 22/22 MP: 0/0
    12 | D        | Reached ** piety under Trog
    12 | D        | Reached skill level 1 in Throwing
    12 | D        | Reached skill level 4 in Unarmed Combat
    32 | D        | Noticed a centaur
    32 | D        | Noticed a worker ant
    33 | D        | Reached XP level 2. HP: 29/29 MP: 1/1
    41 | D        | Killed a centaur
    41 | D        | Reached *** piety under Trog
    41 | D        | Reached skill level 8 in Unarmed Combat
    41 | D        | Reached XP level 3. HP: 12/36 MP: 2/2
    41 | D        | Reached XP level 4. HP: 14/44 MP: 3/3
    49 | D        | Reached skill level 9 in Unarmed Combat
    61 | D        | Found a roughly hewn altar of Beogh.
    61 | D        | Found a snail-covered altar of Cheibriados.
    61 | D        | Found a shadowy altar of Dithmenos.
    61 | D        | Found a white marble altar of Elyvilon.
    61 | D        | Found a blossoming altar of Fedhas.
    61 | D        | Found an opulent altar of Gozag.
    62 | D        | Found a hazy altar of Hepliaklqana.
    63 | D        | Found a viscous altar of Jiyva.
    64 | D        | Found an ancient bone altar of Kikubaaqudgha.
    65 | D        | Found a corrupted altar of Lugonu.
    66 | D        | Found a burning altar of Makhleb.
    67 | D        | Found a sparkling altar of Nemelex Xobeh.
    68 | D        | Found an iron altar of Okawaru.
    69 | D        | Found a stormy altar of Qazlal.
    70 | D        | Found a sacrificial altar of Ru.
    71 | D        | Found a deep blue altar of Sif Muna.
    72 | D        | Found a bloodstained altar of Trog.
    73 | D        | Found a hide-covered altar of Uskayaw.
    74 | D        | Found a radiant altar of Vehumet.
    75 | D        | Found an ornate altar of the Wu Jian Council.
    76 | D        | Found a shimmering altar of Xom.
    77 | D        | Found a basalt altar of Yredelemnul.
    78 | D        | Found a glowing silver altar of Zin.
    79 | D        | Found a glowing golden altar of the Shining One.
   105 | D        | Noticed a phantom
   105 | D        | Noticed a wraith
   111 | D        | Killed a wraith
   111 | D        | Reached **** piety under Trog
   111 | D        | Reached skill level 10 in Unarmed Combat
   111 | D        | Reached XP level 5. HP: 53/53 MP: 4/4
   111 | D        | Reached XP level 6. HP: 61/61 MP: 5/5
   117 | D        | Received a gift from Trog
   117 | D        | Reached skill level 5 in Throwing
   120 | D        | Reached skill level 11 in Unarmed Combat
   158 | D        | Noticed a manticore
   158 | D        | Noticed a vampire
   158 | D        | Noticed a sky beast
   158 | D        | Noticed a water moccasin
   164 | D        | Killed a manticore
   164 | D        | Reached ***** piety under Trog
   164 | D        | Reached skill level 5 in Fighting
   164 | D        | Reached skill level 5 in Dodging
   164 | D        | Reached skill level 12 in Unarmed Combat
   164 | D        | Reached XP level 7. HP: 69/72 MP: 6/6
   166 | D        | Killed a vampire
   166 | D        | Received a gift from Trog
   166 | D        | Reached skill level 13 in Unarmed Combat
   168 | D        | Reached XP level 8. HP: 64/81 MP: 7/7
   321 | D        | Found the +8 storm bow {elec}
   344 | D        | Noticed a black mamba
   344 | D        | Noticed a komodo dragon
   350 | D        | Received a gift from Trog
   351 | D        | Noticed a hippogriff
   354 | D        | Noticed a spiny frog
   356 | D        | Reached skill level 14 in Unarmed Combat
   362 | D        | Killed a black mamba
   362 | D        | Reached XP level 9. HP: 92/92 MP: 8/8
   366 | D        | Killed a komodo dragon
   371 | D        | Reached skill level 15 in Unarmed Combat
   373 | D        | Killed a spiny frog
   373 | D        | Reached ****** piety under Trog
   373 | D        | Received a gift from Trog
   414 | D        | Noticed a spiny frog
   423 | D        | Killed a spiny frog
   423 | D        | Reached skill level 16 in Unarmed Combat
   425 | D        | Received a gift from Trog
   446 | D        | Received a gift from Trog
   446 | D        | Reached XP level 10. HP: 102/102 MP: 9/9
   504 | D        | Received a gift from Trog
   507 | D        | Noticed a lindwurm
   512 | D        | Received a gift from Trog
   521 | D        | Killed a lindwurm
   521 | D        | Reached skill level 17 in Unarmed Combat
   654 | D        | Received a gift from Trog
   675 | D        | Received a gift from Trog
   677 | D        | Received a gift from Trog
   889 | D        | Noticed an orc knight
   893 | D        | Reached skill level 10 in Throwing
   897 | D        | Killed an orc knight
   899 | D        | Received a gift from Trog
   903 | D        | Received a gift from Trog
   922 | D        | Received a gift from Trog
   922 | D        | Reached skill level 18 in Unarmed Combat
   980 | D        | Found Igaw Sajad's Jewellery Emporium.
   980 | D        | Noticed a deep troll
   980 | D        | Noticed an ogre mage
   982 | D        | Noticed an ogre mage
   986 | D        | Noticed an ogre mage
   988 | D        | Killed a deep troll
   989 | D        | Found Unlew's Jewellery Shoppe.
   989 | D        | Noticed a deep troll
   997 | D        | Killed an ogre mage
  1001 | D        | Received a gift from Trog
  1001 | D        | Reached XP level 11. HP: 69/111 MP: 10/10
  1006 | D        | Killed an ogre mage
  1010 | D        | Killed an ogre mage
  1010 | D        | Reached skill level 19 in Unarmed Combat
  1014 | D        | Killed a deep troll
  1210 | D        | Found Kuwn's Antique Weapon Emporium.
  1214 | D        | Found Yceen's General Store.
  1216 | D        | Noticed a deep troll
  1218 | D        | Noticed a stone giant
  1219 | D        | Noticed a deep troll
  1219 | D        | Noticed an ogre mage
  1225 | D        | Killed a deep troll
  1225 | D        | Received a gift from Trog
  1235 | D        | Killed a stone giant
  1235 | D        | Received a gift from Trog
  1241 | D        | Killed a deep troll
  1241 | D        | Reached skill level 20 in Unarmed Combat
  1245 | D        | Killed an ogre mage
  1291 | D        | Bought the ring "Otimiut" {*Drain rF+ Str+3 SInv} for 367 gold pieces
  1291 | D        | Bought an uncursed amulet of harm for 390 gold pieces
  1324 | D        | Noticed Eustachio
  1335 | D        | Killed Eustachio
  1480 | D        | Noticed an unseen horror
  1480 | D        | Noticed a two-headed ogre
  1480 | D        | Noticed a two-headed ogre
  1485 | D        | Noticed a rakshasa
  1486 | D        | Reached skill level 1 in Armour
  1487 | D        | Received a gift from Trog
  1490 | D        | Killed an unseen horror
  1490 | D        | Received a gift from Trog
  1491 | D        | Noticed a rakshasa
  1492 | D        | Killed a two-headed ogre
  1492 | D        | Reached skill level 10 in Dodging
  1494 | D        | Killed a two-headed ogre
  1498 | D        | Killed a rakshasa
  1498 | D        | Received a gift from Trog
  1503 | D        | Noticed a wizard
  1504 | D        | Noticed an ettin
  1505 | D        | Noticed a stone giant
  1509 | D        | Killed a wizard
  1509 | D        | Reached skill level 21 in Unarmed Combat
  1512 | D        | Killed a rakshasa
  1512 | D        | Reached XP level 12. HP: 17/123 MP: 11/11
  1513 | D        | Noticed an ogre mage
  1523 | D        | Killed a stone giant
  1526 | D        | Killed an ettin
  1526 | D        | Received a gift from Trog
  1527 | D        | Killed an ogre mage
  1638 | D        | Noticed Aizul
  1650 | D        | Killed Aizul
  1934 | D        | Received a gift from Trog
  1934 | D        | Reached skill level 5 in Armour
  1935 | D        | Noticed a naga warrior
  1936 | D        | Reached skill level 22 in Unarmed Combat
  1944 | D        | Killed a naga warrior
  1944 | D        | Received a gift from Trog
  2004 | D        | Received a gift from Trog
  2015 | D        | Received a gift from Trog
  2060 | D        | Noticed an eight-headed hydra
  2062 | D        | Received a gift from Trog
  2063 | D        | Noticed an alligator
  2064 | D        | Killed an eight-headed hydra
  2064 | D        | Reached XP level 13. HP: 91/133 MP: 12/12
  2067 | D        | Received a gift from Trog
  2153 | D        | Reached skill level 23 in Unarmed Combat
  2156 | D        | Reached skill level 10 in Fighting
  2157 | D        | Received a gift from Trog
  2160 | D        | Received a gift from Trog
  2167 | D        | Received a gift from Trog
  2167 | D        | Received a gift from Trog
  2392 | D        | Noticed a green very ugly thing
  2392 | D        | Noticed a spark wasp
  2393 | D        | Received a gift from Trog
  2399 | D        | Killed a green very ugly thing
  2399 | D        | Reached skill level 15 in Throwing
  2400 | D        | Killed a spark wasp
  2401 | D        | Noticed a tentacled monstrosity
  2412 | D        | Noticed a frost giant
  2414 | D        | Killed a tentacled monstrosity
  2414 | D        | Received a gift from Trog
  2415 | D        | Noticed an ettin
  2421 | D        | Killed a frost giant
  2421 | D        | Reached skill level 10 in Armour
  2424 | D        | Killed an ettin
  2426 | D        | Received a gift from Trog
  2428 | D        | Noticed a frost giant
  2434 | D        | Noticed a fire dragon
  2437 | D        | Killed a frost giant
  2444 | D        | Killed a fire dragon
  2444 | D        | Received a gift from Trog
  2448 | D        | Noticed a stone giant
  2450 | D        | Received a gift from Trog
  2459 | D        | Killed a stone giant
  2459 | D        | Reached skill level 24 in Unarmed Combat
  2555 | D        | Noticed a white very ugly thing
  2556 | D        | Noticed a fire giant
  2561 | D        | Killed a white very ugly thing
  2561 | D        | Reached XP level 14. HP: 124/144 MP: 13/13
  2564 | D        | Killed a fire giant
  2620 | D        | Noticed an ironheart preserver
  2623 | D        | Received a gift from Trog
  2623 | D        | Received a gift from Trog
  2626 | D        | Killed an ironheart preserver
  2629 | D        | Noticed a vault warden
  2633 | D        | Received a gift from Trog
  2644 | D        | Killed a vault warden
  2644 | D        | Received a gift from Trog
  2651 | D        | Received a gift from Trog
  2654 | D        | Noticed a vault warden
  2661 | D        | Received a gift from Trog
  2673 | D        | Killed a vault warden
  2673 | D        | Reached skill level 25 in Unarmed Combat
  2677 | D        | Received a gift from Trog
  2835 | D        | Noticed Frederick
  2846 | D        | Killed Frederick
  2846 | D        | Received a gift from Trog
  2849 | D        | Got a scorched arbalest {god gift}
  2850 | D        | Identified the +5 arbalest "Picruq" {elec, +Inv rC+ Stlth+} (Trog gifted it to you in the Dungeon)
  3005 | D        | Gained mutation: Armour fits poorly on your strangely shaped body. [potion of mutation]
  3005 | D        | Gained mutation: You have a pair of small antennae on your head. [potion of mutation]
  3005 | D        | Gained mutation: You are partially covered in rugged brown scales. (AC +1, +3% HP) [potion of mutation]
  3005 | D        | Gained mutation: Your flesh is cold resistant. (rC+) [potion of mutation]
  3060 | D        | Noticed Sojobo
  3061 | D        | Noticed a tengu reaver
  3062 | D        | Noticed a tengu reaver
  3071 | D        | Killed Sojobo
  3071 | D        | Reached skill level 26 in Unarmed Combat
  3076 | D        | Killed a tengu reaver
  3080 | D        | Killed a tengu reaver
  3080 | D        | Received a gift from Trog
  3191 | D        | Noticed an emperor scorpion
  3191 | D        | Noticed an emperor scorpion
  3191 | D        | Noticed an emperor scorpion
  3195 | D        | Noticed a ghost moth
  3196 | D        | Killed an emperor scorpion
  3202 | D        | Killed an emperor scorpion
  3202 | D        | Reached XP level 15. HP: 156/156 MP: 0/14
  3213 | D        | Killed a ghost moth
  3213 | D        | Received a gift from Trog
  3219 | D        | Received a gift from Trog
  3232 | D        | Reached skill level 27 in Unarmed Combat
  3245 | D        | Received a gift from Trog
  3402 | D        | Got a gossamer rune of Zot
  3410 | D        | Noticed Ilsuiw
  3426 | D        | Killed Ilsuiw
  3429 | D        | Received a gift from Trog
  3444 | D        | HP: 5/237 [merfolk impaler/trident (18)]
  3444 | D        | Mangled by a merfolk impaler

Vault maps used:
D:        linesprint

Skill      XL: |  1  2  3  4  5  6  7  8  9 10 11 12 13 14 15 |
---------------+----------------------------------------------+-----
Throwing       | 1 3 4 6 8 9 10 12 13 17 19 | 19.9
Unarmed Combat | 4 8 10 12 13 14 16 18 21 22 24 26 27 | 27.0
Fighting       | 3 5 6 7 9 10 11 | 11.4
Dodging        | 3 5 6 7 8 9 10 11 12 | 12.1
Armour         | 3 7 10 13 14 | 14.9

Action                   |  1- 3 |  4- 6 |  7- 9 | 10-12 | 13-15 || total
-------------------------+-------+-------+-------+-------+-------++-------
Melee: Unarmed           |    23 |    32 |    67 |   167 |   175 ||   464
       Punch             |       |     1 |     3 |    16 |    20 ||    40
Throw: Javelin           |       |       |       |    15 |    33 ||    48
Invok: Berserk           |       |     2 |     2 |     8 |     6 ||    18
       Brothers in Arms  |       |       |       |     2 |     2 ||     4
       Trog's Hand       |       |       |       |     1 |     1 ||     2
  Use: Potion            |       |       |       |       |     1 ||     1
  Eat: Chunk             |     3 |     5 |     4 |    20 |    20 ||    52
Armor: Animal skin       |     9 |     7 |    11 |    16 |       ||    43
       Ice dragon scales |       |       |       |    16 |    51 ||    67
Dodge: Dodged            |    11 |    10 |    24 |    75 |    69 ||   189

Table legend:
 A = Spawn XP
 B = Non-spawn XP
 C = Spawn XP percentage of total XP
 D = Spawn monster count
 E = Non-spawn monster count
 F = Spawn count percentage of total count
 G = Total turns spent on level
                    A         B        C        D         E        F      G
               +---------+---------+-------+---------+---------+-------+---------
         Total |       0 |  120889 |   0.0 |       0 |     201 |   0.0 |  3444
               +---------+---------+-------+---------+---------+-------+---------
             D |       0 |  120889 |   0.0 |       0 |     201 |   0.0 |  3444
               +---------+---------+-------+---------+---------+-------+---------
